 Dungeon Crawl Stone Soup version 0.28.0-47-ge53b351184 (webtiles) character file.

Game seed: 6311955316090240566

56 issech the Shield-Bearer (level 3, -2/36 HPs)
             Began as a Troll Fighter on May 3, 2022.
             Slain by a gnoll
             ... wielding a +0 halberd
              (12 damage)
             ... on level 2 of the Dungeon.
             The game lasted 00:02:44 (990 turns).

issech the Shield-Bearer (Troll Fighter)             Turns: 990, Time: 00:02:45

Health: -2/36      AC:  4    Str: 24    XL:     3   Next: 71%
Magic:  2/2        EV:  9    Int:  4    God:
Gold:   54         SH:  7    Dex: 11    Spells: 2/2 levels left

rFire   . . .      SeeInvis .   a - +0 flail
rCold   . . .      Faith    .   c - +0 kite shield
rNeg    . . .      Spirit   .   b - +0 robe
rPois   .          Reflect  .   (helmet restricted)
rElec   .          Harm     .   (no cloak)
rCorr   .          Rampage  .   (gloves unavailable)
Will    .....                   (boots unavailable)
Stlth   +.........              (no amulet)
HPRegen 0.92/turn               (no ring)
MPRegen 0.08/turn               (no ring)

@: no status effects
A: large, unfitting armour, claws 3, regeneration 1, shaggy fur 1, tough skin 1
a: no special abilities


You were on level 2 of the Dungeon.
You visited 1 branch of the dungeon, and saw 2 of its levels.

You collected 54 gold pieces.

Inventory:

Hand Weapons
 a - a +0 flail (weapon)
Missiles
 e - 17 arrows
 j - a stone (quivered)
 l - 27 bolts
Armour
 b - a +0 robe (worn)
 c - a +0 kite shield (worn)
Jewellery
 f - a +6 ring of intelligence
Scrolls
 g - a scroll of immolation {unknown}
 h - a scroll of identify {unknown}
 i - a scroll of fear {unknown}
 k - a scroll of blinking {unknown}
Potions
 d - a potion of might


   Skills:
 + Level 2.7 Fighting
 + Level 2.2 Maces & Flails
 + Level 2.9 Dodging
 + Level 3.0 Shields


You had 2 spell levels left.
You didn't know any spells.
Your spell library contained the following spells:

 Spells                   Type           Power      Damage    Failure   Level
 Ignite Poison            Fire/Tmut/Pois 0%         N/A       99%         3
 Inner Flame              Hex/Fire       0%         N/A       99%         3
 Mephitic Cloud           Conj/Pois/Air  0%         N/A       99%         3
 Cause Fear               Hex            0%         N/A       100%        4
 Freezing Cloud           Conj/Ice/Air   0%         6-21      100%        5
 Discord                  Hex            0%         N/A       100%        8


Dungeon Overview and Level Annotations

Branches:
Dungeon (2/15)

Altars:


Innate Abilities, Weirdness & Mutations

You are too large for most types of armour.
You have claws for hands.
Your natural rate of healing is unusually fast.
You are covered in fur. (AC +1)
You have tough skin. (AC +1)


Message History

You thump the gnoll!
The gnoll is severely wounded.
The gnoll misses you. The gnoll hits you with a +0 spear.
The hobgoblin hits you. The gnoll barely misses you. The gnoll misses you.
The gnoll shouts!
The hobgoblin hits you. The gnoll barely misses you.
You block the hobgoblin's attack.
You hit the hobgoblin.
The hobgoblin is almost dead.
The hobgoblin hits you.
You hit the hobgoblin.
You kill the hobgoblin!
The gnoll hits you but does no damage. You block the gnoll's attack.
The gnoll closely misses you.
You closely miss the gnoll.
The gnoll is severely wounded.
The gnoll barely misses you. You block the gnoll's attack.
The gnoll hits you but does no damage.
You hit the gnoll.
The gnoll is severely wounded.
The gnoll closely misses you. The gnoll hits you with a +0 spear.
The gnoll hits you but does no damage.
You hit the gnoll.
The gnoll is almost dead.
The gnoll hits you with a +0 spear!
The gnoll hits you from afar with a +0 halberd!
You block the gnoll's attack.
You hit the gnoll.
You kill the gnoll!
The gnoll barely misses you. The gnoll closely misses you.
The gnoll hits you with a +0 halberd!
* * * LOW HITPOINT WARNING * * *
You hit the gnoll but do no damage. You block the gnoll's attack.
You hit the gnoll.
The gnoll is moderately wounded.
The gnoll hits you with a +0 whip.
* * * LOW HITPOINT WARNING * * *
The gnoll hits you with a +0 halberd!
You die...

#.# #.# #.# #.# #######.#
#.......#### #.#####....#
..
.........#g####♣#♣#♣#♣....
#.###....@g...)...).((.#
##...######♣.♣.♣.♣.# ##.##
#.......# ...# ♣.♣.♣.♣##
###.# #.....# #+# ♣#♣#♣#♣


You could see 2 gnolls.

Vanquished Creatures
  2 gnolls (D:2)
  A worm (D:2)
  2 ball pythons (D:1)
  4 endoplasms (D:1)
  A giant cockroach (D:1)
  3 goblins
  3 hobgoblins
  3 jackals (D:1)
  3 quokkas (D:1)
  2 bats (D:2)
  2 frilled lizards (D:1)
  2 kobolds
  4 rats
32 creatures vanquished.

Vanquished Creatures (others)
  3 plants (D:2)
3 creatures vanquished.

Grand Total: 35 creatures vanquished

Notes
Turn   | Place    | Note
-------+----------+-------------------------------------------
     0 | D:1      | issech the Troll Fighter began the quest for the Orb.
     0 | D:1      | Reached XP level 1. HP: 22/22 MP: 0/0
   255 | D:1      | Reached XP level 2. HP: 26/29 MP: 1/1
   873 | D:2      | Reached XP level 3. HP: 36/36 MP: 2/2
   967 | D:2      | Reached skill level 3 in Shields
   990 | D:2      | Slain by a gnoll

Illustrated notes

Levels and vault maps discovered:
D:1:      dpeg_arrival_court, layout_loops_ring
D:2:      layout_loops_corners, serial_forest, infiniplex_forest_clump_curved,
          infiniplex_forest_corner_2, infiniplex_forest_lined_room_2,
          infiniplex_forest_corner_1, infiniplex_forest_clump_diagonal,
          infiniplex_forest_lined_3, infiniplex_forest_straight_3,
          infiniplex_forest_lined_4_way, infiniplex_forest_pool,
          infiniplex_forest_straight_4, shapermc_ecumenical_altar_notcrosses,
          minmay_rat_gold_closets

Skill      XL: |  1  2  3 |
---------------+----------+-----
Maces & Flails | 2 |  2.2
Shields        | 3 |  3.0
Fighting       | |  2.7
Dodging        | |  2.9

Action                   || total
-------------------------++-------
Melee: Flail             ||    87
Throw: Stone             ||     3
 Stab: Sleeping          ||     2
Armor: Robe              ||    28
Dodge: Dodged            ||    44
Block: Kite shield       ||    33
